 Dungeon Crawl Stone Soup version 0.21-a0-440-g28109cb (webtiles) character file.

112683 kiturien the Peltast (level 16, -2/129 HPs)
             Began as a Minotaur Fighter on Nov 10, 2017.
             Was the Champion of Wu Jian.
             Slain by a nagaraja
             ... wielding a +0 whip
              (3 damage)
             ... on level 4 of the Snake Pit.
             The game lasted 01:49:58 (25775 turns).

kiturien the Peltast (Minotaur Fighter)            Turns: 25775, Time: 01:49:58

Health: -2/129     AC: 26    Str: 27    XL:     16   Next: 12%
Magic:  17/17      EV: 12    Int: 11    God:    Wu Jian [******]
Gold:   1238       SH: 22    Dex: 10    Spells: 15/15 levels left

rFire    + . .     SeeInvis +   N - +5 scimitar (flame)
rCold    + + .     Gourm    .   M - +1 shield {rC+ rF+}
rNeg     . . .     Faith    .   h - +2 plate armour "Mimawaivo" {rPois Str-5 Int+4}
rPois    +         Spirit   .   (helmet restricted)
rElec    .         Reflect  +   V - +2 cloak "Isus" {Int+2}
rCorr    .         Harm     .   (no gloves)
MR       +....     Rnd*Rage +   P - +2 pair of boots of the Everdark {Dex+2}
Stlth    ..........             j - +6 amulet of reflection
HPRegen  0.31/turn              m - +4 ring of strength
MPRegen  0.15/turn              H - ring "Loptass" {+Blink rC+ Dex-2 SInv Stlth+}

@: lethally poisoned (-2 -> -13), berserk cooldown, slowed, constricted, very
slow
A: retaliatory headbutt, hooves 1, horns 2, yellow scales 1, berserk 1, frail 1,
evolution 1, sturdy frame 1
a: Serpent's Lash, Heavenly Storm, Renounce Religion, Evoke Blink


You were on level 4 of the Snake Pit.
You worshipped Wu Jian.
Wu Jian was exalted by your worship.
You were not hungry.

You visited 6 branches of the dungeon, and saw 26 of its levels.
You visited 1 bazaar.

You collected 2060 gold pieces.
You spent 822 gold pieces at shops.

Inventory:

Hand Weapons
 t - the +6 scimitar of Ycoatrom {flame, Str-5 SInv Stlth+}
   (You bought it in a shop on level 5 of the Dungeon)

   It has been specially enchanted to burn those struck by it, causing extra
   injury to most foes and up to half again as much damage against particularly
   susceptible opponents.
   Big, fiery blades are also staple armaments of hydra-hunters.
   It affects your strength (-5).
   It lets you see invisible.
   It makes you more stealthy.
 N - a +5 scimitar of flaming (weapon)
 R - the +7 war axe of the Open Hand {vamp, rPois}
   (You bought it in a shop on level 2 of the Orcish Mines)

   It inflicts no extra harm, but heals its wielder when it wounds a living foe.
   It protects you from poison.
 X - a +2 long sword of holy wrath
Missiles
 y - 7 throwing nets (quivered)
Armour
 c - a +3 shield
 h - the +2 plate armour "Mimawaivo" (worn) {rPois Str-5 Int+4}
   (You found it on level 8 of the Dungeon)

   It affects your strength (-5).
   It affects your intelligence (+4).
   It protects you from poison.
 B - a +0 plate armour
 M - a +1 shield of resistance (worn)
 P - the +2 pair of boots of the Everdark (worn) {Dex+2}
   (You acquired it on level 1 of the Orcish Mines)

   It affects your dexterity (+2).
 V - the +2 cloak "Isus" (worn) {Int+2}
   (You found it on level 1 of the Lair of Beasts)

   It affects your intelligence (+2).
Jewellery
 a - a +4 ring of protection
 b - an uncursed ring of protection from fire
 j - a +6 amulet of reflection (around neck)
 m - a +4 ring of strength (left hand)
 o - an uncursed ring of positive energy
 C - an uncursed ring of see invisible
 E - an uncursed ring of protection from cold
 H - the ring "Loptass" (right hand) {+Blink rC+ Dex-2 SInv Stlth+}
   (You took it off a centaur on level 8 of the Dungeon)

   [ring of see invisible]

   It affects your dexterity (-2).
   It protects you from cold.
   It lets you see invisible.
   It lets you blink.
   It makes you more stealthy.
Wands
 l - a wand of lightning (15/15)
 I - a wand of lightning (12/15)
 U - a wand of iceblast (4/15)
 W - a wand of digging (12/24)
Scrolls
 k - 6 scrolls of fear
 n - 2 scrolls of fog
 r - 7 scrolls of recharging
 v - 6 scrolls of remove curse
 w - 11 scrolls of teleportation
 D - 2 scrolls of amnesia
 K - 5 scrolls of magic mapping
 S - a scroll of identify
Potions
 d - 9 potions of curing
 e - 2 potions of magic
 i - a potion of berserk rage
 s - 2 potions of cancellation
 u - 4 potions of might
 z - 3 potions of haste
 A - 4 potions of flight
 J - 3 potions of agility
 L - 2 potions of invisibility
 T - a potion of ambrosia
 Y - a potion of brilliance {unknown}
Books
 O - a book of Frost

   Spells                             Type                      Level
   a - Freeze                         Ice                          1
   b - Throw Frost                    Conjuration/Ice              2
   c - Ozocubu's Armour               Charms/Ice                   3
   d - Throw Icicle                   Conjuration/Ice              4
   e - Summon Ice Beast               Ice/Summoning                4
Miscellaneous
 x - a fan of gales
 F - a phantom mirror
Comestibles
 f - 5 bread rations
 g - 14 meat rations
 q - 10 royal jellies
 G - 27 fruits


   Skills:
 * Level 13.6 Fighting
 * Level 15.5 Long Blades
 * Level 11.6 Armour
 * Level 16.0 Dodging
 * Level 17.4 Shields
 * Level 3.5 Evocations


You had 15 spell levels left.
You didn't know any spells.

Dungeon Overview and Level Annotations

Branches:
Dungeon (12/15)            Temple (1/1) D:4            Lair (6/6) D:8
 Shoals (0/4) Lair:3        Snake (4/4) Lair:3        Slime (1/5) Lair:5
    Orc (2/2) D:10            Elf (0/3) Orc:2

Altars:
Ashenzari
Cheibriados
Dithmenos
Elyvilon
Fedhas
Gozag
Hepliaklqana
Kikubaaqudgha
Makhleb
Nemelex Xobeh
Okawaru
Qazlal
Ru
Sif Muna
Trog
Uskayaw
Vehumet
Wu Jian
Xom
Yredelemnul
Zin
The Shining One
Jiyva

Shops:
D:5 ?*(?   Orc:2 ([*:   Snake:1 }   Snake:3 =}=

Annotations:
Lair:2 exclusion: 2 oklob plants


Innate Abilities, Weirdness & Mutations

You reflexively headbutt those who attack you in melee.
You have a pair of horns on your head.
You have large cloven feet.
You are partially covered in yellow scales. (AC +2)
You tend to lose your temper in combat.
You are frail. (-10% HP)
You evolve.
Your movements are slightly less encumbered by armour. (ER -2)


Message History

* * * LOW HITPOINT WARNING * * *
The guardian serpent hits you but does no damage.
You hit the nagaraja. You burn the nagaraja. Your headbutt misses the nagaraja.
The nagaraja is moderately wounded.
The nagaraja spits poison at you. The splash of poison hits you!
You are poisoned.
You resist.
* * * LOW HITPOINT WARNING * * *
The nagaraja constricts you. You block the salamander's attack.
You block the naga warrior's attack. The naga warrior barely misses you.
You block the guardian serpent's attack.
The naga mage gestures wildly while chanting.
The naga mage seems to speed up.
The nagaraja gestures at you while chanting.
The poison arrow hits you!
You are lethally poisoned!
You partially resist.
* * * LOW HITPOINT WARNING * * *
You die...

..........# ..........+
#.........+
##.<......### ##+###
#...........###....##
............##......##
............#N.......##
...........@SNN.......#
..........NNNNN.......#
...........†NN........#
.........(..N.N.....%.#
#...........#'#########
##..........#........
#.........###........
........... #........
.......... +........


You could see 2 naga warriors, a nagaraja (inner flame), a salamander mystic
(inner flame), 4 salamanders, a guardian serpent (inner flame), 2 naga magi and
2 nagas.

Vanquished Creatures
  An acid blob (Slime:1)
  5 nagarajas
  An orc warlord (Orc:2)
  Fannar (Lair:1)
  7 naga warriors (Snake:4)
  A merfolk avatar (Lair:6)
  4 hydras
  Erica (D:11)
  2 anacondas (Snake:3)
  2 two-headed ogres
  10 death yaks
  6 naga sharpshooters
  3 shock serpents
  3 orc high priests (Orc:2)
  4 sea snakes
  4 naga ritualists
  A necromancer (Lair:6)
  A deep elf mage (D:12)
  An orc knight (Orc:2)
  A manticore (Lair:6)
  10 mana vipers
  4 orc sorcerers
  6 salamanders
  2 cyclopes (D:11)
  11 elephants
  29 black mambas
  2 merfolk sirens (Lair:3)
  2 centaur zombies
  The ghost of kiturien the Slasher, a novice MiFi (D:3)
  An ice statue (Snake:3)
  A torpor snail (Lair:6)
  11 naga magi
  Psyche (D:10)
  12 spiny frogs
  A guardian serpent (Snake:4)
  9 rime drakes
  9 komodo dragons
  A kobold demonologist (D:12)
  2 trolls
  3 merfolk
  7 polar bears
  A wind drake (Lair:6)
  5 hornets
  15 blink frogs
  12 hippogriffs
  Grinder (D:4)
  4 slime creatures
  Sigmund (D:4)
  3 wyverns
  41 yaks
  2 basilisks
  A vampire (D:12)
  4 hungry ghosts
  4 insubstantial wisps (Lair:5)
  3 vampire mosquitoes
  25 nagas
  17 water moccasins
  4 porcupines
  A warg (Orc:2)
  25 orc warriors
  5 sky beasts
  4 black bears
  A phantom (D:12)
  3 swamp drakes (Lair:5)
  6 ice beasts
  9 ogres
  6 wolves (Lair:2)
  A necrophage (D:8)
  7 centaurs
  18 crocodiles
  5 big kobolds
  14 bullfrogs
  A gnoll sergeant (D:9)
  6 scorpions
  A water moccasin skeleton (D:4)
  6 killer bees (D:9)
  8 wights
  2 howler monkeys
  2 electric eels
  2 bullfrog zombies (D:12)
  4 crimson imps
  A quasit (D:9)
  6 lava snakes (Snake:3)
  11 orc wizards
  A gnoll shaman (D:8)
  10 orc priests
  4 bullfrog skeletons
  2 centaur skeletons
  4 hounds
  4 iguanas
  12 worker ants
  2 polar bear simulacra (Lair:6)
  3 wolf simulacra (Lair:6)
  3 yak simulacra (Lair:6)
  2 hound zombies
  A worker ant zombie (D:5)
  16 adders
  19 gnolls
  A howler monkey skeleton (D:8)
  3 oozes (Lair:5)
  2 adder skeletons
  2 worms
  3 dart slugs
  6 leopard geckos
  50 orcs
  4 giant cockroaches
  6 goblins (D:1)
  6 hobgoblins
  19 jackals
  24 kobolds
  2 quokkas
  5 bats
  7 frilled lizards
  A leopard gecko skeleton (D:8)
  2 leopard gecko zombies
  9 rats
  3 river rat simulacra (Lair:6)
720 creatures vanquished.

Vanquished Creatures (others)
  Nessos (Orc:2)
  A cyclops (Orc:2)
  A centaur (D:9)
  An orc (D:5)
  A kobold (D:11)
  A quokka (D:6)
  7 fungi
  7 plants
20 creatures vanquished.

Grand Total: 740 creatures vanquished

Notes
Turn   | Place    | Note
-------+----------+-------------------------------------------
     0 | D:1      | kiturien the Minotaur Fighter began the quest for the Orb.
     0 | D:1      | Reached XP level 1. HP: 19/19 MP: 0/0
    83 | D:1      | Reached XP level 2. HP: 27/27 MP: 1/1
   645 | D:1      | Reached skill level 4 in Shields
   957 | D:2      | Found a shimmering altar of Xom.
  1003 | D:2      | Reached XP level 3. HP: 23/33 MP: 2/2
  1397 | D:2      | Reached skill level 5 in Shields
  1570 | D:2      | Found a burning altar of Makhleb.
  1579 | D:2      | Reached XP level 4. HP: 32/40 MP: 3/3
  1990 | D:3      | Noticed kiturien's ghost (novice MiFi)
  2260 | D:3      | Killed kiturien's ghost
  2260 | D:3      | Reached skill level 8 in Shields
  2260 | D:3      | Reached XP level 5. HP: 36/46 MP: 4/4
  2260 | D:3      | Reached XP level 6. HP: 41/52 MP: 5/5
  2440 | D:3      | Reached skill level 9 in Shields
  2599 | D:3      | Reached skill level 1 in Dodging
  3000 | D:4      | Reached XP level 7. HP: 45/59 MP: 6/6
  3140 | D:4      | Noticed Grinder
  3160 | D:4      | Killed Grinder
  3620 | D:4      | Found a staircase to the Ecumenical Temple.
  3626 | Temple   | Entered the Ecumenical Temple
  3845 | D:4      | Noticed Sigmund
  3870 | D:4      | Killed Sigmund
  4148 | D:4      | Reached XP level 8. HP: 57/67 MP: 7/7
  4253 | D:4      | Reached skill level 5 in Fighting
  4333 | D:4      | Reached skill level 5 in Long Blades
  4333 | D:4      | Reached skill level 5 in Armour
  4348 | D:4      | Gained mutation: You are partially covered in yellow scales. (AC +2) [mutagenic meat]
  4349 | D:4      | Gained mutation: You have large cloven feet. [mutagenic meat]
  4351 | D:4      | Gained mutation: You are frail. (-10% HP) [mutagenic meat]
  4566 | D:5      | Entered Level 5 of the Dungeon
  4652 | D:5      | Found Yfrecewy's General Store.
  4685 | D:5      | Found Latwoan's Magic Scroll Boutique.
  4745 | D:5      | Found a glowing golden altar of the Shining One.
  4980 | D:5      | Found a bloodstained altar of Trog.
  5330 | D:5      | Found Cogeig's Antique Weapon Shoppe.
  5359 | D:5      | Bought a pitted scimitar for 252 gold pieces
  5359 | D:5      | Identified the +6 scimitar of Ycoatrom {flame, Str-5 SInv Stlth+} (You bought it in a shop on level 5 of the Dungeon)
  5526 | D:5      | Found Enerrics's Magic Scroll Emporium.
  5781 | D:6      | Found a sparkling altar of Nemelex Xobeh.
  6116 | D:6      | Reached XP level 9. HP: 70/70 MP: 8/8
  6257 | D:6      | Found a white marble altar of Elyvilon.
  6733 | D:7      | Found a hazy altar of Hepliaklqana.
  7363 | D:8      | Reached skill level 10 in Long Blades
  7389 | D:8      | Found a hide-covered altar of Uskayaw.
  7413 | D:8      | Reached XP level 10. HP: 81/81 MP: 9/9
  7529 | D:8      | Found a staircase to the Lair.
  7530 | D:8      | Found an iron altar of Okawaru.
  7543 | D:8      | Found a bloodstained altar of Trog.
  7605 | D:8      | Found an opulent altar of Gozag.
  7731 | D:8      | Noticed a two-headed ogre
  7747 | D:8      | Killed a two-headed ogre
  7984 | D:8      | Got a shimmering jade ring
  8033 | D:8      | Got a bronze plate armour
  8044 | D:8      | Identified the +2 plate armour "Mimawaivo" {rPois Str-5 Int+4} (You found it on level 8 of the Dungeon)
  8123 | D:8      | Reached skill level 10 in Fighting
  8951 | D:9      | Found a stormy altar of Qazlal.
  8972 | D:9      | Reached XP level 11. HP: 67/90 MP: 10/10
  9130 | D:9      | Identified the ring "Loptass" {+Blink rC+ Dex-2 SInv Stlth+} (You took it off a centaur on level 8 of the Dungeon)
  9262 | D:9      | Found an ornate altar of the Wu Jian Council.
  9513 | D:10     | Entered Level 10 of the Dungeon
  9546 | D:10     | Noticed Psyche
  9556 | D:10     | Killed Psyche
  9745 | D:10     | Reached skill level 5 in Dodging
  9868 | D:10     | Found a staircase to the Orcish Mines.
  9918 | D:10     | Found a burning altar of Makhleb.
  9971 | D:10     | Reached skill level 10 in Shields
 10020 | D:9      | Became a worshipper of the Wu Jian Council
 10735 | D:11     | Reached * piety under Wu Jian
 11282 | D:11     | Noticed Erica
 11298 | D:11     | Killed Erica
 11669 | D:11     | Reached skill level 11 in Shields
 11711 | D:12     | Noticed a two-headed ogre
 11718 | D:12     | Killed a two-headed ogre
 11739 | D:12     | Reached ** piety under Wu Jian
 12049 | D:12     | Reached XP level 12. HP: 88/99 MP: 11/11
 12386 | D:12     | Found a bloodstained altar of Trog.
 12442 | D:12     | Gained mutation: Your movements are slightly less encumbered by armour. (ER -2) [mutagenic meat]
 12444 | D:12     | Gained mutation: Your body sometimes deteriorates upon taking damage. [mutagenic meat]
 12445 | D:12     | Gained mutation: You evolve. [mutagenic meat]
 12511 | Orc:1    | Entered Level 1 of the Orcish Mines
 12640 | Orc:1    | Reached *** piety under Wu Jian
 12648 | Orc:1    | Paralysed by an orc sorcerer for 4 turns
 12656 | Orc:1    | Gained mutation: Scrolls take you a little longer to read. [evolution]
 13002 | Orc:1    | Identified a scroll of acquirement
 13002 | Orc:1    | Got a pair of warped boots
 13008 | Orc:1    | Identified the +2 pair of boots of the Everdark {Dex+2} (You acquired it on level 1 of the Orcish Mines)
 13034 | Orc:2    | Entered Level 2 of the Orcish Mines
 13039 | Orc:2    | Noticed an orc high priest
 13053 | Orc:2    | Reached skill level 12 in Shields
 13071 | Orc:2    | Killed an orc high priest
 13093 | Orc:2    | Found Baewimew's Book Emporium.
 13164 | Orc:2    | Noticed an orc warlord
 13185 | Orc:2    | Noticed an orc high priest
 13195 | Orc:2    | Killed an orc warlord
 13195 | Orc:2    | Reached skill level 10 in Armour
 13213 | Orc:2    | Killed an orc high priest
 13635 | Orc:2    | Found Gemastred's Antique Armour Shop.
 13654 | Orc:2    | Lost intelligence.
 13656 | Orc:2    | Gained mutation: You tend to lose your temper in combat. [a neqoxec]
 13883 | Orc:2    | Noticed an orc high priest
 13884 | Orc:2    | Found Zussy's Antique Weapon Shop.
 13893 | Orc:2    | Killed an orc high priest
 13897 | Orc:2    | Reached skill level 13 in Shields
 13932 | Orc:2    | Bought a translucent war axe for 229 gold pieces
 13938 | Orc:2    | Lost mutation: Scrolls take you a little longer to read. [evolution]
 14003 | Orc:2    | Identified the +7 war axe of the Open Hand {vamp, rPois} (You bought it in a shop on level 2 of the Orcish Mines)
 14022 | Orc:2    | Found Roriarong's General Store.
 14277 | Orc:2    | Found a staircase to the Elven Halls.
 14283 | Orc:2    | Noticed Nessos
 14290 | Orc:2    | Killed Nessos
 14409 | Lair:1   | Entered Level 1 of the Lair of Beasts
 14505 | Lair:1   | Reached **** piety under Wu Jian
 14505 | Lair:1   | Reached XP level 13. HP: 99/106 MP: 12/12
 14662 | Lair:1   | Noticed Fannar
 14679 | Lair:1   | Killed Fannar
 14679 | Lair:1   | Reached skill level 14 in Shields
 14926 | Lair:1   | Got a crude cloak
 14932 | Lair:1   | Identified the +2 cloak "Isus" {Int+2} (You found it on level 1 of the Lair of Beasts)
 15377 | Lair:2   | Reached skill level 15 in Shields
 16174 | Lair:3   | Found a staircase to the Shoals.
 16250 | Lair:3   | Reached ***** piety under Wu Jian
 16376 | Lair:3   | Found a staircase to the Snake Pit.
 16692 | Snake:1  | Entered Level 1 of the Snake Pit
 17083 | Lair:4   | Reached skill level 10 in Dodging
 17775 | Lair:4   | Lost mutation: Your body sometimes deteriorates upon taking damage. [evolution]
 18062 | Lair:5   | Found a runed door.
 18063 | Lair:5   | Found a viscous altar of Jiyva.
 18066 | Lair:5   | Found a staircase to the Slime Pits.
 18080 | Slime:1  | Entered Level 1 of the Pits of Slime
 18080 | Slime:1  | Noticed an acid blob
 18087 | Slime:1  | Killed an acid blob
 18376 | Lair:5   | Reached XP level 14. HP: 113/113 MP: 13/13
 18925 | Lair:5   | Got a tattered robe
 18936 | Lair:5   | Identified the +1 robe of the Saviour {rN+ Str+3 Stlth+} (You found it on level 5 of the Lair of Beasts)
 19103 | Lair:6   | Entered Level 6 of the Lair of Beasts
 19330 | Lair:6   | Reached ****** piety under Wu Jian
 19429 | Lair:6   | Reached skill level 15 in Dodging
 20646 | Snake:1  | Found Wemuiqur's Gadget Shoppe.
 20731 | Snake:1  | Reached XP level 15. HP: 110/120 MP: 14/14
 20820 | Snake:1  | Reached skill level 16 in Shields
 20868 | Snake:1  | Reached skill level 1 in Evocations
 21348 | Snake:1  | Noticed a nagaraja
 21373 | Snake:1  | Killed a nagaraja
 22179 | Snake:2  | Noticed a nagaraja
 22194 | Snake:2  | Killed a nagaraja
 22419 | Snake:2  | Noticed a nagaraja
 22434 | Snake:2  | Killed a nagaraja
 22434 | Snake:2  | Reached skill level 15 in Long Blades
 23661 | Snake:3  | Found Daer's Jewellery Boutique.
 23667 | Snake:3  | Found Hunlatsy's Gadget Shoppe.
 23669 | Snake:3  | Found Lampo's Jewellery Boutique.
 23702 | Snake:3  | Noticed a nagaraja
 23727 | Snake:3  | Killed a nagaraja
 23879 | Snake:3  | Found a gateway to a bazaar.
 23893 | Bazaar   | Entered a bazaar
 23901 | Bazaar   | Found Ilighie's Antique Armour Shop.
 23901 | Bazaar   | Found Notaon's Jewellery Shop.
 23947 | Bazaar   | Bought a runed shield for 165 gold pieces
 23957 | Bazaar   | Bought a runed scarf for 176 gold pieces
 24436 | Snake:4  | Entered Level 4 of the Snake Pit
 24533 | Snake:4  | Reached skill level 17 in Shields
 25041 | Snake:4  | Noticed a nagaraja
 25076 | Snake:4  | Killed a nagaraja
 25457 | Snake:4  | Reached XP level 16. HP: 93/129 MP: 17/17
 25772 | Snake:4  | HP: 4/129 [guardian serpent (13)]
 25775 | Snake:4  | HP: 1/129 [nagaraja/poison arrow (6)]
 25775 | Snake:4  | Slain by a nagaraja

Vault maps used:
D:1:      lightli_arrival_farm
D:2:      marbit_many_paths, xom_redecorated, first_bread
D:3:      minmay_close_crescents
D:4:      minmay_temple_entry_hall, uniq_grinder, uniq_sigmund
D:5:      chequers_temple_overflow_statue_of_worship, serial_shops, shop,
          nicolae_shop_window_shopping, shop, shop
D:6:      elyvilon_altar_4, nemelex_xobeh_ov_fountains_minmay
D:7:      kennysheep_little_box
D:8:      kennysheep_windowed_halls, overflow_temple_1_default,
          overflow_temple_1_default, nicolae_overflow_crystal_walls,
          lemuel_tele_altar
D:9:      nicolae_overflow_hidden_temple, nicolae_qazlal_style_of_elements
D:10:     david_orc_2, basic_altar, uniq_psyche
D:11:     hangedman_fish_farm, uniq_erica
D:12:     nrook_pool_corridor, st_stairs_9, kennysheep_small_circle
Temple:   jpeg_temple_clearing
Lair:1:   beast_lair_carwin_large_1, serial_bayou_pond_d,
          eino_small_chamber_without_monster, uniq_fannar
Lair:2:   lemuel_fruit_tree, minmay_lair_oklob_chamber
Lair:3:   elwin_shoals_entry_stream, dummy_snake_entry
Lair:5:   slime_altar_2, pond
Lair:6:   gammafunk_lair_ancient_temple, minivault_11, st_stairs_11,
          eino_house_with_fridge, infiniplex_staircase_pool_2
Snake:1:  serial_shops, nicolae_shop_trees
Snake:3:  special_room, serial_shops, statue_bzr, nicolae_snake_lava_pool,
          minmay_shop_grove
Snake:4:  snake_pit, uniq_roxanne
Slime:1:  cheibrodos_slime_lost_civilization_5
Orc:1:    nicolae_orc_accident_1, minmay_orc_keep
Orc:2:    grunt_orc_gardens, grunt_orc_garden, grunt_orc_garden,
          grunt_orc_garden, grunt_orc_garden, uniq_nessos
Bazaar:   bazaar_jpeg_cross

Skill      XL: |  1  2  3  4  5  6  7  8  9 10 11 12 13 14 15 16 |
---------------+-------------------------------------------------+-----
Fighting       | 4 6 8 10 11 12 13 | 13.6
Shields        | 4 5 8 9 11 13 15 17 | 17.4
Dodging        | 1 4 6 7 11 15 16 | 16.0
Long Blades    | 4 7 10 12 13 14 15 | 15.5
Armour         | 4 6 7 8 9 10 11 | 11.6
Evocations     | 3 |  3.5

Action                   |  1- 3 |  4- 6 |  7- 9 | 10-12 | 13-15 | 16-18 || total
-------------------------+-------+-------+-------+-------+-------+-------++-------
Melee: Long sword        |   123 |    94 |   159 |       |       |       ||   376
       Headbutt          |    17 |    17 |    42 |   113 |   282 |    18 ||   489
       Scimitar          |       |       |   110 |   665 |  1234 |    72 ||  2081
       Kick              |       |       |    40 |   130 |       |       ||   170
Invok: Heavenly Storm    |       |       |       |       |     1 |       ||     1
 Abil: Evoke Blink       |       |       |       |     1 |       |     1 ||     2
  Use: Scroll            |     2 |     3 |     7 |     7 |    15 |     1 ||    35
       Potion            |       |     4 |       |     2 |     5 |     3 ||    14
 Stab: Confused          |       |       |       |       |     1 |       ||     1
  Eat: Chunk             |     2 |     5 |    14 |    24 |    15 |       ||    60
       Bread ration      |       |       |     1 |     1 |     5 |       ||     7
       Royal jelly       |       |       |       |     1 |       |       ||     1
       Fruit             |       |       |       |     1 |       |       ||     1
Armor: Scale mail        |    53 |    21 |    35 |       |       |       ||   109
       Plate armour      |       |       |     9 |   173 |   222 |    34 ||   438
Dodge: Dodged            |    36 |    35 |    35 |   128 |   235 |    37 ||   506
Block: Shield            |    69 |    59 |   184 |   556 |   908 |    93 ||  1869
       Reflection        |       |       |     3 |    31 |    61 |    20 ||   115
       Rpst.: Long sword |     8 |     6 |     2 |       |       |       ||    16
       Scimitar          |       |       |     2 |    29 |    50 |     3 ||    84

Table legend:
 A = Spawn XP
 B = Non-spawn XP
 C = Spawn XP percentage of total XP
 D = Spawn monster count
 E = Non-spawn monster count
 F = Spawn count percentage of total count
 G = Total turns spent on level
                    A         B        C        D         E        F      G
               +---------+---------+-------+---------+---------+-------+---------
         Total |       0 |  160977 |   0.0 |       0 |     724 |   0.0 | 25775
               +---------+---------+-------+---------+---------+-------+---------
           D:1 |       0 |      32 |   0.0 |       0 |      19 |   0.0 |   880
           D:2 |       0 |     109 |   0.0 |       0 |      23 |   0.0 |  1364
           D:3 |       0 |     585 |   0.0 |       0 |      33 |   0.0 |   749
           D:4 |       0 |    1190 |   0.0 |       0 |      16 |   0.0 |  1452
           D:5 |       0 |     522 |   0.0 |       0 |      24 |   0.0 |  1215
           D:6 |       0 |     433 |   0.0 |       0 |      17 |   0.0 |   632
           D:7 |       0 |    2214 |   0.0 |       0 |      21 |   0.0 |   934
           D:8 |       0 |    4110 |   0.0 |       0 |      36 |   0.0 |   942
           D:9 |       0 |    2662 |   0.0 |       0 |      49 |   0.0 |  1384
          D:10 |       0 |    2176 |   0.0 |       0 |      36 |   0.0 |  1157
          D:11 |       0 |    4534 |   0.0 |       0 |      31 |   0.0 |  1075
          D:12 |       0 |    5934 |   0.0 |       0 |      44 |   0.0 |   740
        Lair:1 |       0 |    7428 |   0.0 |       0 |      29 |   0.0 |   846
        Lair:2 |       0 |    4409 |   0.0 |       0 |      19 |   0.0 |   794
        Lair:3 |       0 |    5157 |   0.0 |       0 |      19 |   0.0 |  1080
        Lair:4 |       0 |    5659 |   0.0 |       0 |      23 |   0.0 |  1074
        Lair:5 |       0 |   14885 |   0.0 |       0 |      45 |   0.0 |  1083
        Lair:6 |       0 |   24204 |   0.0 |       0 |      77 |   0.0 |  1234
       Snake:1 |       0 |   13671 |   0.0 |       0 |      31 |   0.0 |  1263
       Snake:2 |       0 |   11931 |   0.0 |       0 |      17 |   0.0 |  1191
       Snake:3 |       0 |   10872 |   0.0 |       0 |      25 |   0.0 |  1257
       Snake:4 |       0 |   23794 |   0.0 |       0 |      43 |   0.0 |  1339
       Slime:1 |       0 |    2605 |   0.0 |       0 |       2 |   0.0 |    13
         Orc:1 |       0 |    1568 |   0.0 |       0 |      15 |   0.0 |   547
         Orc:2 |       0 |   10293 |   0.0 |       0 |      30 |   0.0 |  1306
               +---------+---------+-------+---------+---------+-------+---------
